 Dungeon Crawl Stone Soup version 0.30-a0-596-g0af90f9a20 (webtiles) character file.

Game seed: 15741580498122625126

49 gelatine the Firebug (level 3, -5/24 HPs)
             Began as a Demonspawn Fire Elementalist on Jan 7, 2023.
             Slain by Sigmund
             ... wielding a +0 scythe
              (10 damage)
             ... on level 2 of the Dungeon.
             The game lasted 00:03:55 (1457 turns).

gelatine the Firebug (Demonspawn Fire Elementalist) Turns: 1457, Time: 00:03:56

Health: -5/24      AC:  2    Str:  8    XL:     3   Next: 53%
Magic:  0/6        EV: 12    Int: 18    God:
Gold:   78         SH:  4    Dex: 13    Spells: 4/7 levels left

rFire   . . .      SeeInvis .    l - +1 dagger (protect)
rCold   . . .      Faith    .    (no shield)
rNeg    . . .      Spirit   .    a - +0 robe
rPois   +          Reflect  .    (helmet restricted)
rElec   .          Harm     .    (no cloak)
rCorr   .          Rampage  .    (no gloves)
Will    .....                    (no boots)
Stlth   ++                       (no amulet)
HPRegen 0.24/turn                f - ring of poison resistance
MPRegen 0.10/turn                (no ring)

@: no status effects
A: horns 1, condensation shield
a: no special abilities


You were on level 2 of the Dungeon.
You visited 1 branch of the dungeon, and saw 2 of its levels.

You collected 78 gold pieces.

Inventory:

Hand Weapons
 l - a +1 dagger of protection (weapon)
Armour
 a - a +0 robe (worn)
Jewellery
 f - a ring of poison resistance (left hand)
Scrolls
 e - a scroll of magic mapping {unknown}
 j - a scroll of enchant armour {unknown}
 k - a scroll of teleportation {unknown}
Potions
 b - 2 potions of magic
 d - a potion of resistance {unknown}
 g - 2 potions of curing {unknown}
 h - a potion of heal wounds {unknown}
 i - a potion of haste {unknown}


   Skills:
 * Level 0.1 Fighting
 * Level 0.2 Short Blades
 * Level 2.1 Dodging
 + Level 1.8 Stealth
 + Level 2.5 Spellcasting
 * Level 1.6 Conjurations
 * Level 3.2 Fire Magic


You had 4 spell levels left.
You knew the following spells:

 Your Spells              Type           Power      Damage    Failure   Level
a - Foxfire               Conj/Fire      44%        2x1d6     6%          1
b - Scorch                Fire           26%        2d6       7%          2

Your spell library contained the following spells:

 Spells                   Type           Power      Damage    Failure   Level
 Inner Flame              Hex/Fire       8%         N/A       26%         3
 Kindle Blastsparks       Fire/Tloc/Air  12%        2d11      32%         3
 Flame Wave               Conj/Fire      11%        2d6       54%         4


Dungeon Overview and Level Annotations

Branches:
Dungeon (2/15)

Altars:

Annotations:
D:2 Sigmund


Innate Abilities, Weirdness & Mutations

You have a pair of small horns on your head.
A meltable shield of frost defends you. (SH +4)


Message History

You hit the bat.
Your weapon exudes an aura of protection.
You kill the bat!
You hit the endoplasm but do no damage. The endoplasm closely misses you.
You hit the endoplasm.
The endoplasm is lightly wounded.
The endoplasm freezes you.
You are frozen.
You hit the endoplasm. You headbutt the endoplasm.
The endoplasm is almost dead.
Sigmund gestures wildly while chanting.
Sigmund flickers and vanishes!
Deactivating autopickup; reactivate with Ctrl-A.
The endoplasm hits you but does no damage.
You hit the endoplasm.
You kill the endoplasm!
You block something's attack.
Casting: Foxfire (safe; 6% risk of failure)
Confirm with . or Enter, or press ? or * to list all spells.
Okay, then.
Casting: Foxfire (safe; 6% risk of failure)
Confirm with . or Enter, or press ? or * to list all spells.
Flames lash something.
You hear an angry hiss.
Something hits you.
Casting: Scorch (safe; 7% risk of failure)
Confirm with . or Enter, or press ? or * to list all spells.
Flames lash something.
A ball python comes into view.
Casting: Scorch (safe; 7% risk of failure)
Confirm with . or Enter, or press ? or * to list all spells.
You don't have enough magic to cast this spell.
Casting: Scorch (safe; 7% risk of failure)
Confirm with . or Enter, or press ? or * to list all spells.
You conjure some foxfire!
Something barely misses you.
The foxfire hits something but does no damage.
The foxfire hits something.
Something hits you.
* * * LOW HITPOINT WARNING * * *
You closely miss something. You headbutt something. Something hits you!
You die...

#...$..# #..#
#......###<#
#$.........#####.
#.....)..........#
#...............##
#....S.#........#
#.............#
##{............#
###@..!........###
#...#..........#
#...#######......#
#...>## ########
####


You could see a ball python.

Vanquished Creatures
  A gnoll (D:1)
  2 dart slugs (D:1)
  4 bats
  3 endoplasms
  2 giant cockroaches (D:1)
  4 goblins (D:1)
  5 hobgoblins (D:1)
  4 ball pythons (D:1)
  A frilled lizard (D:1)
  2 kobolds
  6 rats (D:1)
34 creatures vanquished.

Vanquished Creatures (collateral kills)
  5 foxfires (D:1)
5 creatures vanquished.

Vanquished Creatures (others)
  97 foxfires
  4 plants (D:1)
  4 toadstools (D:1)
105 creatures vanquished.

Grand Total: 144 creatures vanquished

Notes
Turn   | Place    | Note
-------+----------+-------------------------------------------
     0 | D:1      | gelatine the Demonspawn Fire Elementalist began the quest
                  | for the Orb.
     0 | D:1      | Reached XP level 1. HP: 13/13 MP: 3/3
   266 | D:1      | Gained mutation: A meltable shield of frost defends you.
                  | (SH +4) [demonic ancestry]
   266 | D:1      | Reached XP level 2. HP: 19/19 MP: 1/5
   425 | D:1      | Reached skill level 3 in Fire Magic
   721 | D:1      | Gained mutation: You have a pair of small horns on your
                  | head. [demonic ancestry]
   721 | D:1      | Reached XP level 3. HP: 2/24 MP: 1/6
  1383 | D:1      | Learned a level 2 spell: Scorch
  1434 | D:2      | Noticed Sigmund
  1457 | D:2      | Slain by Sigmund

Illustrated notes

Levels and vault maps discovered:
D:1:      ldierk_walled_garden_2, layout_basic, nicolae_grassy_gnolls
D:2:      layout_basic, uniq_sigmund

Skill      XL: |  1  2 |
---------------+-------+-----
Fire Magic     | 3 |  3.2
Dodging        | 2 |  2.1
Fighting       | |  0.1
Short Blades   | |  0.2
Stealth        | |  1.8
Spellcasting   | |  2.5
Conjurations   | |  1.6

Action                   || total
-------------------------++-------
Melee: Dagger            ||    24
       Headbutt          ||     3
 Cast: Foxfire           ||    60
       Scorch            ||     2
Armor: Robe              ||     6
Dodge: Dodged            ||    21
Block: Other             ||     8

Table legend: (Time is in decaauts)
 A = Elapsed time spent in this place.
 B = Non-inter-level travel time spent in this place.
 C = Inter-level travel time spent in this place.
 D = Time resting spent in this place.
 E = Time spent auto-exploring this place.
 F = Levels seen in this place.
 G = Mean time per level.
                   A        B        C        D        E       F      G
               +--------+--------+--------+--------+--------+-----+--------+
         Total |   1455 |   1437 |     18 |      0 |   1229 |   2 |  727.5 |
       Dungeon |   1455 |   1437 |     18 |      0 |   1229 |   2 |  727.5 |
               +--------+--------+--------+--------+--------+-----+--------+

Top non-repeatable levels by time:
     D:1: 1427 daAuts
     D:2: 27 daAuts
